 Dungeon Crawl Stone Soup version 0.31-a0-636-ge1c0e020e0 (webtiles) character file.

Game seed: 14148915498534491719

348 rvierbuc the Chopper (level 6, -3/48 HPs)
             Began as a Demonspawn Chaos Knight on Aug 27, 2023.
             Was a Plaything of Xom.
             Slain by a sky beast (5 damage)
             ... on level 6 of the Dungeon.
             The game lasted 00:05:31 (1789 turns).

rvierbuc the Chopper (Demonspawn Chaos Knight)      Turns: 1789, Time: 00:05:32

Health: -3/48      AC:  5    Str: 14    XL:     6   Next: 33%
Magic:  6/6        EV: 11    Int: 13    God:    Xom [.*....]
Gold:   71         SH:  0    Dex: 13    Spells: 5/5 levels left

rFire   . . .        a - +0 hand axe (chaos)
rCold   . . .        (no shield)
rNeg    . . .        d - +0 ring mail
rPois   .            (no helmet)
rElec   .            (no cloak)
rCorr   .            (no gloves)
SInv    .            (no boots)
Will    .....        (no amulet)
Stlth   +            (no ring)
HPRegen 0.28/turn    (no ring)
MPRegen 0.10/turn

%: no passive effects
@: no status effects
A: claws 1, ignite blood 1
a: Renounce Religion


You were on level 6 of the Dungeon.
You worshipped Xom.
You were a plaything of Xom.
You visited 1 branch of the dungeon, and saw 5 of its levels.

You collected 71 gold pieces.

Inventory:

Hand Weapons
 a - a +0 hand axe of chaos (weapon)
Missiles
 s - 8 poisoned darts (quivered)
Armour
 b - a +2 leather armour
 d - a +0 ring mail (worn)
Jewellery
 f - a ring of flight
 p - a ring of flight
Talismans
 m - a flux talisman
Scrolls
 c - a scroll of butterflies
 e - 5 scrolls of identify {unknown}
 g - a scroll of fog {unknown}
 j - 2 scrolls of teleportation {unknown}
 k - a scroll of immolation {unknown}
 l - a scroll of torment {unknown}
Potions
 h - 2 potions of might {unknown}
 i - a potion of invisibility {unknown}
 n - 2 potions of enlightenment {unknown}
 o - a potion of attraction {unknown}
 q - a potion of lignification {unknown}
 r - a potion of haste {unknown}


   Skills:
 + Level 4.3 Fighting
 + Level 4.8 Axes
 + Level 0.1 Throwing
 + Level 3.0 Armour
 + Level 1.9 Dodging
 + Level 0.3 Stealth


You had 5 spell levels left.
You didn't know any spells.
Your spell library was empty.

Dungeon Overview and Level Annotations

Branches:
Dungeon (6/15)             Temple (0/1) D:5

Altars:
Nemelex Xobeh

Shops:
D:1 !


Innate Abilities, Weirdness & Mutations

You have sharp fingernails.
Your demonic aura sometimes causes spilled blood to erupt in flames.


Message History

You hit the sky beast.
The sky beast suddenly seems more resistant.
The sky beast is moderately wounded.
The sky beast hits you but does no damage.
You closely miss the sky beast.
The sky beast is moderately wounded.
The sky beast barely misses you.
You hit the sky beast.
The sky beast seems to grow stronger.
The sky beast is moderately wounded.
The sky beast barely misses you.
You hit the sky beast.
The sky beast is heavily wounded.
The sky beast flickers out of sight!
Deactivating autopickup; reactivate with Ctrl-A.
Something hits you but does no damage.
A sky beast appears from thin air!
Reactivating autopickup.
The sky beast misses you.
You barely miss the sky beast.
The sky beast is heavily wounded.
The sky beast hits you. The sky beast shocks you.
You barely miss the sky beast.
The sky beast is heavily wounded.
The sky beast hits you. The sky beast shocks you.
* * * LOW HITPOINT WARNING * * *
You hit the sky beast.
The sky beast is severely wounded.
The sky beast completely misses you.
You barely miss the sky beast.
The sky beast is severely wounded.
The sky beast hits you.
* * * LOW HITPOINT WARNING * * *
The sky beast shocks you.
* * * LOW HITPOINT WARNING * * *
You barely miss the sky beast.
The sky beast is severely wounded.
The sky beast hits you.
* * * LOW HITPOINT WARNING * * *
The sky beast shocks you.
You die...
Xom giggles madly!

# ##. #.. #
..#####..
#........
#........
#........
######.~......
#.....@Y......
#...†.........
#.............
#.....########
#$...)# #
######.....#
#.##.........?#
#$........#####
######......#


You could see a sky beast (strong, resistant).

Vanquished Creatures
  A water moccasin (D:5)
  2 scorpions (D:5)
  2 hounds
  3 adders
  A white imp (D:6)
  2 dart slugs
  6 endoplasms
  2 giant cockroaches
  A goblin (D:1)
  7 bats
  3 frilled lizards
  4 kobolds
  A rat (D:2)
35 creatures vanquished.

Notes
Turn   | Place    | Note
-------+----------+-------------------------------------------
     0 | D:1      | rvierbuc the Demonspawn Chaos Knight began the quest for
                  | the Orb.
     0 | D:1      | Reached XP level 1. HP: 18/18 MP: 1/1
    58 | D:1      | XOM: silly message
   193 | D:1      | Found Gepit's Distillery.
   253 | D:1      | Gained mutation: Your demonic aura sometimes causes spilled
                  | blood to erupt in flames. [demonic ancestry]
   253 | D:1      | Reached XP level 2. HP: 12/24 MP: 2/2
   457 | D:1      | XOM: divination: detect items
   621 | D:2      | XOM: 1-stop teleportation journey
   870 | D:2      | XOM: swap monsters
   994 | D:2      | Reached XP level 3. HP: 29/29 MP: 3/3
  1097 | D:2      | XOM: silly message
  1307 | D:3      | You fall into a shaft and drop 3 floors!
  1330 | D:5      | Entered Level 5 of the Dungeon
  1341 | D:5      | XOM: silly message
  1342 | D:5      | XOM: silly message
  1344 | D:5      | Gained mutation: You have sharp fingernails. [demonic
                  | ancestry]
  1344 | D:5      | Reached XP level 4. HP: 34/37 MP: 4/4
  1411 | D:5      | Noticed a water moccasin
  1423 | D:5      | XOM: silly message
  1425 | D:5      | Killed a water moccasin
  1426 | D:5      | Reached skill level 1 in Dodging
  1426 | D:5      | Reached XP level 5. HP: 17/42 MP: 5/5
  1437 | D:5      | XOM: silly message
  1447 | D:5      | XOM: divination: detect creatures
  1517 | D:5      | XOM: 4-stop teleportation journey
  1525 | D:5      | Found a staircase to the Ecumenical Temple.
  1581 | D:5      | Reached XP level 6. HP: 42/48 MP: 6/6
  1634 | D:5      | Found a sparkling altar of Nemelex Xobeh.
  1763 | D:6      | Noticed a sky beast
  1763 | D:6      | XOM: swap monsters
  1766 | D:6      | XOM: potion effect (heal wounds)
  1789 | D:6      | HP: 2/48 [sky beast (3)]
  1789 | D:6      | Slain by a sky beast

Illustrated notes

Levels and vault maps discovered:
D:1:      lemuel_arrival_room, layout_rooms, serial_shops,
          nicolae_shop_industrial_runoff
D:2:      layout_loops_cross
D:3:      layout_loops_cross, serial_forest, infiniplex_forest_corner_1,
          infiniplex_forest_straight_4, infiniplex_forest_clump_small,
          infiniplex_forest_clump_long, infiniplex_forest_lined_room_2,
          infiniplex_forest_lined_room_2
D:5:      minmay_evil_eye, layout_basic, nicolae_elyvilon_peaceful_grove,
          general_overflow_altar, slow_altar_1, minmay_temple_entry_water_ring
D:6:      kennysheep_steamy, layout_basic, mainiacjoe_overflow_cross_hatched

Skill      XL: |  1  2  3  4  5  6 |
---------------+-------------------+-----
Axes           | 3 4 |  4.8
Armour         | 2 3 |  3.0
Fighting       | 4 |  4.3
Dodging        | 1 |  1.9
Throwing       | |  0.1
Stealth        | |  0.3

Action                     |  1- 3 |  4- 6 || total
---------------------------+-------+-------++-------
  Melee: Hand axe          |   108 |    51 ||   159
         Punch             |     2 |       ||     2
  Throw: Dart              |       |     9 ||     9
   Stab: Distracted        |     1 |       ||     1
         Confused          |       |     1 ||     1
 Armour: Ring mail         |    50 |    14 ||    64
  Dodge: Dodged            |    70 |    22 ||    92

Table legend: (Time is in decaauts)
 A = Elapsed time spent in this place.
 B = Non-inter-level travel time spent in this place.
 C = Inter-level travel time spent in this place.
 D = Time resting spent in this place.
 E = Time spent auto-exploring this place.
 F = Levels seen in this place.
 G = Mean time per level.
                   A        B        C        D        E       F      G
               +--------+--------+--------+--------+--------+-----+--------+
         Total |   1810 |   1765 |     45 |      0 |   1391 |   5 |  362.0 |
       Dungeon |   1810 |   1765 |     45 |      0 |   1391 |   5 |  362.0 |
               +--------+--------+--------+--------+--------+-----+--------+

Top non-repeatable levels by time:
     D:2: 627 daAuts
     D:1: 555 daAuts
     D:5: 322 daAuts
     D:6: 166 daAuts
     D:3: 138 daAuts
